 Dungeon Crawl Stone Soup version 0.29.1-15-g9cfb28693d (webtiles) character file.

Game seed: 15191504731085886722

11 Frozencraft the Cudgeller (level 2, 0/19 HPs)
             Began as a Tengu Chaos Knight on Apr 6, 2023.
             Was a Plaything of Xom.
             Succumbed to a kobold's poison
             ... on level 1 of the Dungeon.
             The game lasted 00:05:01 (552 turns).

Frozencraft the Cudgeller (Tengu Chaos Knight)       Turns: 552, Time: 00:05:01

Health: 0/19       AC:  8    Str: 12    XL:     2   Next: 29%
Magic:  3/3        EV:  5    Int: 12    God:    Xom [..*...]
Gold:   0          SH:  0    Dex: 13    Spells: 1/1 levels left

rFire   . . .      SeeInvis .   a - +0 mace (chaos)
rCold   . . .      Faith    .   (no shield)
rNeg    . . .      Spirit   .   f - +0 chain mail
rPois   .          Reflect  .   (helmet restricted)
rElec   .          Harm     .   (no cloak)
rCorr   .          Rampage  .   (no gloves)
Will    .....                   (boots unavailable)
Stlth   ..........              (no amulet)
HPRegen 0.06/turn               (no ring)
MPRegen 0.08/turn               (no ring)

@: lethally poisoned (0 -> -29)
A: beak, talons 3
a: Renounce Religion


You were on level 1 of the Dungeon.
You worshipped Xom.
You were a toy of Xom.
You visited 1 branch of the dungeon, and saw 1 of its levels.

Inventory:

Hand Weapons
 a - a +0 mace of chaos (weapon)
 d - a +0 sling
Missiles
 e - 7 stones
Armour
 b - a +2 leather armour
 f - a +0 chain mail (worn)
Potions
 g - a potion of degeneration {unknown}
Miscellaneous
 c - a piece from Xom's chessboard (15/15) (quivered)


   Skills:
 + Level 3.3 Fighting
 + Level 3.5 Maces & Flails
 + Level 2.4 Armour
 + Level 1.1 Dodging


You had one spell level left.
You didn't know any spells.
Your spell library was empty.

Dungeon Overview and Level Annotations

Branches:
Dungeon (1/15)

Altars:


Innate Abilities, Weirdness & Mutations

You have a beak for a mouth.
You have claws for feet.


Message History

The quokka bites you. x2
You hit the quokka but do no damage.
The quokka is poisoned.
You claw the quokka.
You kill the quokka!
g - a scroll labelled IQEFOWNI PITIRR
As you read the scroll labelled IQEFOWNI PITIRR, it crumbles to dust.
You feel aware of your surroundings.
You sensed 1 shop/portal.
It was a scroll of magic mapping.
You swap places.
You swap places.
A ball python comes into view.
The ball python hisses angrily.
You swap places.
Your hobgoblin zombie misses the ball python.
You hit the ball python. You freeze the ball python.
You kill the ball python!
You see here a ball python corpse.
Found a yellow potion.
A kobold comes into view. It is wielding a +1 dagger of venom.
Found 6 gold pieces.
The kobold shouts!
You see here a yellow potion.
g - a yellow potion The kobold hits your hobgoblin zombie with a +1 dagger of venom.
Your hobgoblin zombie is destroyed!
You hit the kobold but do no damage. The kobold barely misses you.
You barely miss the kobold. Your peck misses the kobold.
The kobold hits you but does no damage.
You are poisoned.
You closely miss the kobold.
You feel very sick.
The kobold hits you with a +1 dagger of venom.
You are lethally poisoned!
You hit the kobold but do no damage. Your kick misses the kobold.
You feel very sick. The kobold hits you but does no damage.
You are more poisoned.
You miss the kobold.
You die...
Xom thinks this is hilarious!

,*,********,**********######..###
,*,,,,,,,,,,,,,,..# #..........
,***********,***#.# #†#.....###
,* *,* #.# #.#.#...# ,* *,* #.#
#.#.#Z#.# ,* *,* #.# #.#.#.#.# ,*
*,* #$# #Z#.#.#.# ,*
#.####K#####.#.#.#.# ,*
#....@.......#.#.#.# ,*
######.#######.#...# ,* #.#
#.##### ,* #.# *,* ,* #.#******,*
** #..,,,,,,,* ###******,* ***


You could see a kobold.

Vanquished Creatures
  2 goblins (D:1)
  2 hobgoblins (D:1)
  2 quokkas (D:1)
  3 ball pythons (D:1)
  A kobold (D:1)
10 creatures vanquished.

Vanquished Creatures (others)
  A hobgoblin zombie (D:1)
1 creature vanquished.

Grand Total: 11 creatures vanquished

Notes
Turn   | Place    | Note
-------+----------+-------------------------------------------
     0 | D:1      | Frozencraft the Tengu Chaos Knight began the quest for the
                  | Orb.
     0 | D:1      | Reached XP level 1. HP: 14/14 MP: 2/2
    92 | D:1      | Found a faded altar of an unknown god.
   298 | D:1      | XOM: silly message
   304 | D:1      | Reached XP level 2. HP: 18/19 MP: 3/3
   552 | D:1      | Succumbed to a kobold's poison

Illustrated notes

Levels and vault maps discovered:
D:1:      wander_arrival_desolate, layout_basic,
          shapermc_ecumenical_altar_acropolis, serial_shops,
          nicolae_shop_bloodbath_and_beyond

Action                   || total
-------------------------++-------
Melee: Mace              ||    28
       Kick              ||     3
       Peck              ||     3
  Use: Scroll            ||     3
Armor: Chain mail        ||     4
Dodge: Dodged            ||    10
